 Dungeon Crawl Stone Soup version 0.28.0 (webtiles) character file.

Game seed: 1214713823454882755

161 a3don the Digger (level 5, -5/41 HPs)
             Began as a Draconian Earth Elementalist on Feb 12, 2022.
             Slain by a gnoll (10 damage)
             ... on level 3 of the Dungeon.
             The game lasted 00:04:39 (3908 turns).

a3don the Digger (Draconian Earth Elementalist)     Turns: 3908, Time: 00:04:40

Health: -5/41      AC:  5    Str: 10    XL:     5   Next: 19%
Magic:  6/8        EV:  9    Int: 17    God:
Gold:   149        SH:  0    Dex: 12    Spells: 5/9 levels left

rFire   . . .      SeeInvis .   c - +0 war axe
rCold   . . .      Faith    .   (no shield)
rNeg    . . .      Spirit   .   (armour unavailable)
rPois   .          Reflect  .   (helmet restricted)
rElec   .          Harm     .   (no cloak)
rCorr   .          Rampage  .   (no gloves)
Will    .....                   (no boots)
Stlth   ++........              (no amulet)
HPRegen 0.13/turn               (no ring)
MPRegen 0.11/turn               (no ring)

@: constricted
A: AC +5, unfitting armour, cold-blooded
a: no special abilities


You were on level 3 of the Dungeon.
You visited 1 branch of the dungeon, and saw 3 of its levels.

You collected 149 gold pieces.

Inventory:

Hand Weapons
 c - a +0 war axe (weapon)
 k - a +0 short sword of venom
Missiles
 b - 79 stones
Jewellery
 n - an amulet of guardian spirit
Scrolls
 a - a scroll of identify {unknown}
 e - a scroll of immolation {unknown}
 m - 2 scrolls of amnesia {unknown}
Potions
 d - a potion of cancellation {unknown}
 f - a potion of lignification {unknown}
 g - 2 potions of mutation {unknown}
 h - a potion of haste {unknown}
 i - a potion of resistance {unknown}
 j - 2 potions of ambrosia {unknown}
 l - 2 potions of brilliance {unknown}
 o - a potion of magic {unknown}


   Skills:
 + Level 1.9 Fighting
 * Level 2.4 Axes
 + Level 2.3 Dodging
 - Level 1.7 Stealth
 + Level 2.5 Spellcasting
 + Level 0.3 Conjurations
 + Level 2.0 Transmutations
 + Level 3.5 Earth Magic


You had 5 spell levels left.
You knew the following spells:

 Your Spells              Type           Power      Damage    Failure   Level
a - Sandblast             Erth           28%        2d8       4%          1
b - Stone Arrow           Conj/Erth      16%        3d8       26%         3

Your spell library contained the following spells:

 Spells                   Type           Power      Damage    Failure   Level
 Passwall                 Tmut/Erth      9%         N/A       9%          2
 Petrify                  Tmut/Erth      11%        N/A       52%         4


Dungeon Overview and Level Annotations

Branches:
Dungeon (3/15)

Altars:
Qazlal


Innate Abilities, Weirdness & Mutations

Your plain brown scales are hard. (AC +5)
You cannot fit into any form of body armour.
You are cold-blooded and may be slowed by cold attacks.


Message History

You are too injured to fight recklessly!
Casting: Sandblast (safe; 4% risk of failure)
Confirm with . or Enter, or press ? or * to list all spells.
Aiming: Sandblast (safe; 4% risk of failure)
Press: ? - help, Shift-Dir - straight line, f - gnoll
Aim: a gnoll, wielding a +0 flail (moderately wounded, 82% to hit)
The blast of sand hits the gnoll!
The gnoll is almost dead.
The gnoll hits you from afar with a +0 halberd.
The gnoll misses you.
Casting: Sandblast (safe; 4% risk of failure)
Confirm with . or Enter, or press ? or * to list all spells.
Aiming: Sandblast (safe; 4% risk of failure)
Press: ? - help, Shift-Dir - straight line, f/p - gnoll
Aim: a gnoll, wielding a +0 flail (almost dead, 82% to hit)
The blast of sand hits the gnoll but does no damage.
The gnoll is almost dead.
The gnoll hits you from afar with a +0 halberd.
The gnoll barely misses you.
Casting: Sandblast (safe; 4% risk of failure)
Confirm with . or Enter, or press ? or * to list all spells.
Aiming: Sandblast (safe; 4% risk of failure)
Press: ? - help, Shift-Dir - straight line, f/p - gnoll
Aim: a gnoll, wielding a +0 flail (almost dead, 82% to hit)
The blast of sand hits the gnoll.
You kill the gnoll!
The gnoll closely misses you.
The ball python bites you but does no damage.
The ball python barely misses you. The ball python bites you.
The ball python misses you. The ball python closely misses you.
The ball python misses you.
You closely miss the ball python. The ball python closely misses you. x3
The ball python grabs you. The ball python constricts you.
The gnoll hits you from afar with a +0 halberd!
* * * LOW HITPOINT WARNING * * *
You closely miss the ball python.
The ball python bites you but does no damage.
The ball python constricts you.
The gnoll hits you from afar with a +0 halberd!
You die...

.. #.# # #g #.#
###.##. ##.##
......g##...###
.......)..#...#
....#####...#.#
. ##.##.#
#.#########.##.#
.......@Sgg.##.#
#.############.#
#.# ##
#.########>
#..........
##########. #.
#. #.


You could see 2 gnolls and a ball python.

Vanquished Creatures
  9 gnolls
  2 adders
  An adder skeleton (D:3)
  A worm (D:2)
  A dart slug (D:3)
  3 bats
  4 endoplasms
  2 giant cockroaches (D:1)
  2 goblins
  5 hobgoblins
  8 jackals
  3 kobolds
  3 ball pythons (D:1)
  2 frilled lizards (D:1)
  6 rats
52 creatures vanquished.

Notes
Turn   | Place    | Note
-------+----------+-------------------------------------------
     0 | D:1      | a3don the Draconian Earth Elementalist began the quest for
                  | the Orb.
     0 | D:1      | Reached XP level 1. HP: 14/14 MP: 3/3
   425 | D:1      | Reached XP level 2. HP: 22/22 MP: 5/5
   797 | D:1      | Found a faded altar of an unknown god.
  1016 | D:1      | Reached skill level 1 in Axes
  1329 | D:1      | Reached XP level 3. HP: 5/27 MP: 4/6
  1331 | D:1      | Reached skill level 1 in Fighting
  1856 | D:2      | Reached XP level 4. HP: 20/35 MP: 0/7
  2247 | D:2      | Found a stormy altar of Qazlal.
  2767 | D:3      | Learned a level 3 spell: Stone Arrow
  3501 | D:3      | Reached XP level 5. HP: 16/41 MP: 8/8
  3908 | D:3      | Slain by a gnoll

Illustrated notes

Levels and vault maps discovered:
D:1:      dpeg_arrival_signposts, layout_loops_corners,
          ebering_ecumenical_altar_rust
D:2:      layout_basic, basic_altar, kennysheep_generic_room_12
D:3:      layout_loops_ring

Skill      XL: |  1  2  3  4 |
---------------+-------------+-----
Axes           | 1 2 |  2.4
Dodging        | 2 |  2.3
Fighting       | 1 |  1.9
Transmutations | 2 |  2.0
Stealth        | |  1.7
Spellcasting   | |  2.5
Conjurations   | |  0.3
Earth Magic    | |  3.5

Action                   |  1- 3 |  4- 6 || total
-------------------------+-------+-------++-------
Melee: War axe           |    41 |   111 ||   152
       Unarmed           |     1 |       ||     1
       Tailslap          |     2 |    12 ||    14
 Cast: Sandblast         |    21 |     6 ||    27
 Stab: Sleeping          |     2 |     1 ||     3
Armor: Skin              |    25 |    41 ||    66
Dodge: Dodged            |    52 |   106 ||   158
